 Dungeon Crawl Stone Soup version 0.28.0-53-g5a82cb258f (webtiles) character file.

Game seed: 12058708698278308481

108 Zeld the Skirmisher (level 4, -2/41 HPs)
             Began as a Minotaur Berserker on May 28, 2022.
             Was a Believer of Trog.
             Slain by an adder (3 damage)
             ... on level 3 of the Dungeon.
             The game lasted 00:02:00 (2025 turns).

Zeld the Skirmisher (Minotaur Berserker)            Turns: 2025, Time: 00:02:01

Health: -2/41      AC:  2    Str: 24    XL:     4   Next: 58%
Magic:  3/3        EV: 12    Int:  4    God:    Trog [**....]
Gold:   93         SH:  0    Dex:  9    Spells: 3/3 levels left

rFire   . . .      SeeInvis .   a - +0 hand axe
rCold   . . .      Faith    .   (no shield)
rNeg    . . .      Spirit   .   b - +0 animal skin
rPois   .          Reflect  .   (helmet restricted)
rElec   .          Harm     .   (no cloak)
rCorr   .          Rampage  .   (no gloves)
Will    ++...                   (no boots)
Stlth   +.........              (no amulet)
HPRegen 1.13/turn               (no ring)
MPRegen 0.08/turn               (no ring)

@: lethally poisoned (-2 -> -2), strong-willed, regenerating
A: horns 2, retaliatory headbutt
a: Renounce Religion, Berserk, Trog's Hand


You were on level 3 of the Dungeon.
You worshipped Trog.
Trog was pleased with you.
You visited 1 branch of the dungeon, and saw 3 of its levels.

You collected 93 gold pieces.

Inventory:

Hand Weapons
 a - a +0 hand axe (weapon)
Armour
 b - a +0 animal skin (worn)
Scrolls
 d - a scroll of enchant weapon {unknown}
 e - 2 scrolls of identify {unknown}
 h - a scroll of enchant armour {unknown}
Potions
 c - a potion of curing {unknown}
 f - 3 potions of invisibility {unknown}
 g - 2 potions of flight {unknown}
 i - a potion of lignification {unknown}


   Skills:
 * Level 4.7 Fighting
 * Level 4.6 Axes
 + Level 3.3 Armour
 + Level 3.0 Dodging


You had 3 spell levels left.
You didn't know any spells.
Your spell library was empty.

Dungeon Overview and Level Annotations

Branches:
Dungeon (3/15)

Altars:


Innate Abilities, Weirdness & Mutations

You have a pair of horns on your head.
You reflexively headbutt those who attack you in melee.


Message History

Trog accepts your kill.
You hit the adder. The adder bites you.
You are poisoned.
The adder poisons you!
Your Dodging skill increases to level 3!
You closely miss the adder. You headbutt the adder!
The adder is almost dead.
You feel sick. The adder bites you. x2
You feel sick. The adder bites you.
Things that are here:
a +0 club; an orc corpse You closely miss the adder.
Your punch misses the adder.
The adder is severely wounded.
You feel sick. The adder bites you. The adder barely misses you.
You feel sick.
You are no longer poisoned.
The adder bites you.
You are poisoned.
The adder poisons you!
You are too injured to fight recklessly!
You feel sick. The adder completely misses you.
You are too injured to fight recklessly!
You feel sick. The adder barely misses you.
You are too injured to fight recklessly!
You feel sick. The adder bites you.
* * * LOW HITPOINT WARNING * * *
You are more poisoned.
The adder poisons you! The adder misses you.
You are too injured to fight recklessly!
* * * LOW HITPOINT WARNING * * *
You feel sick. The adder misses you.
You feel sick. The adder bites you.
* * * LOW HITPOINT WARNING * * *
Your skin crawls.
You feel strong-willed.
You feel sick. The adder barely misses you. The adder closely misses you.
You hit the adder but do no damage. You headbutt the adder.
The adder is severely wounded.
You feel sick. The adder bites you.
You die...

#......#..#..####..####.######
#...........## ##..#...#
#............### ##.:.###
#.....<.##......####..#
##..##..##....#......####
....#..###....###...........
##..#..####...###...........
.. ...............>........
.... ###...#.@....#......
........S)...#......
#............#..$...
.............##.####
.......#......#
#......#......#
.......#..#.#.#
.#.....##......# #.....
##..#....


You could see an adder.

Vanquished Creatures
  2 adders
  A gnoll (D:1)
  3 worms (D:2)
  4 dart slugs
  An orc (D:3)
  2 bats (D:1)
  5 endoplasms
  A giant cockroach (D:3)
  7 goblins
  3 hobgoblins
  8 jackals (D:1)
  7 kobolds
  2 quokkas (D:2)
  2 ball pythons (D:1)
  3 frilled lizards (D:1)
  8 rats
59 creatures vanquished.

Notes
Turn   | Place    | Note
-------+----------+-------------------------------------------
     0 | D:1      | Zeld the Minotaur Berserker began the quest for the Orb.
     0 | D:1      | Reached XP level 1. HP: 19/19 MP: 0/0
   146 | D:1      | Reached XP level 2. HP: 27/27 MP: 1/1
   539 | D:1      | Found a faded altar of an unknown god.
   632 | D:1      | Reached ** piety under Trog
   633 | D:1      | Reached XP level 3. HP: 33/33 MP: 2/2
  1320 | D:2      | Reached XP level 4. HP: 36/41 MP: 3/3
  2023 | D:3      | HP: 1/41 [adder (4)]
  2025 | D:3      | Slain by an adder

Illustrated notes

Levels and vault maps discovered:
D:1:      zaba_arrival_water, layout_basic, basic_ecumenical_altar
D:2:      layout_rooms, minmay_ruptured
D:3:      layout_rooms

Skill      XL: |  1  2  3  4 |
---------------+-------------+-----
Axes           | 4 |  4.6
Fighting       | 4 |  4.7
Armour         | 3 |  3.3
Dodging        | 3 |  3.0

Action                   |  1- 3 |  4- 6 || total
-------------------------+-------+-------++-------
Melee: Hand axe          |    83 |    35 ||   118
       Headbutt          |    16 |     9 ||    25
       Punch             |     1 |       ||     1
Invok: Trog's Hand       |       |     1 ||     1
 Stab: Sleeping          |     2 |       ||     2
Armor: Animal skin       |    15 |     3 ||    18
Dodge: Dodged            |    63 |    26 ||    89
